 Dungeon Crawl Stone Soup version 0.29-a0-367-gc2b5878c41 (webtiles) character file.

Game seed: 12994751229869572573

7268 Lekart the Fighter (level 10, -9/75 HPs)
             Began as a Grey Draconian Chaos Knight on May 1, 2022.
             Was a Plaything of Xom.
             Shot with an arrow by Nessos (15 damage)
             ... on level 12 of the Dungeon.
             The game lasted 00:15:35 (11115 turns).

Lekart the Fighter (Grey Draconian Chaos Knight)   Turns: 11115, Time: 00:15:35

Health: -9/75      AC: 15    Str: 13      XL:     10   Next: 89%
Magic:  10/10      EV: 15    Int: 12      God:    Xom [.*....]
Gold:   431        SH:  7    Dex: 14 (15) Spells: 9/9 levels left

rFire   . . .      SeeInvis .   p - +8 mace "Wuasaves" {spect, rN+}
rCold   . . .      Faith    .   A - +3 buckler
rNeg    + . .      Spirit   .   (body armour unavailable)
rPois   .          Reflect  .   (helmet restricted)
rElec   .          Harm     .   q - +0 cloak
rCorr   .          Rampage  .   (no gloves)
Will    .....                   j - +1 pair of boots
Stlth   +.........              (no amulet)
HPRegen 1.02/turn               (no ring)
MPRegen 0.12/turn               (no ring)

@: lethally poisoned (-9 -> -27)
A: AC +12, amphibious, unfitting armour, cold-blooded, antennae 1, frail 2,
mutation resistance 1, regeneration 1, weak 1
a: Renounce Religion


You were on level 12 of the Dungeon.
You worshipped Xom.
You were a plaything of Xom.
You visited 2 branches of the dungeon, and saw 12 of its levels.

You collected 594 gold pieces.
You spent 163 gold pieces at shops.

Inventory:

Hand Weapons
 a - a +3 falchion of chaos
 p - the +8 mace "Wuasaves" (weapon) {spect, rN+}
   (You found it on level 5 of the Dungeon)

   When its wielder attacks, the weapon's spirit leaps out and strikes again.
   The spirit shares a part of any damage it takes with its wielder.
   rN:        It protects you from negative energy.
Missiles
 B - a throwing net
Armour
 j - a +1 pair of boots (worn)
 q - a +0 cloak (worn)
 A - a +3 buckler (worn)
Jewellery
 e - a +6 ring of intelligence
 D - a ring of poison resistance
Wands
 d - a wand of polymorph (6)
 k - a wand of acid (7)
 l - a wand of iceblast (15)
 m - a wand of paralysis (1)
 o - a wand of digging (17)
 t - a wand of mindburst (12)
 y - a wand of flame (39)
Scrolls
 n - 6 scrolls of teleportation
 r - 2 scrolls of identify
 u - 2 scrolls of blinking
 v - 6 scrolls of fear
 w - a scroll of magic mapping
 z - a scroll of silence
 C - a scroll of amnesia
Potions
 c - 2 potions of mutation
 f - 4 potions of haste
 g - 2 potions of lignification
 h - 2 potions of curing
 i - 3 potions of flight
 x - a potion of brilliance
 E - a potion of magic
Miscellaneous
 b - a piece from Xom's chessboard (14/15) (quivered)


   Skills:
 * Level 10.5 Fighting
 + Level 7.9 Long Blades
 + Level 9.0 Maces & Flails
 + Level 7.4 Dodging
 + Level 2.1 Shields
 + Level 0.3 Evocations


You had 9 spell levels left.
You didn't know any spells.
Your spell library contained the following spells:

 Spells                   Type           Power      Damage    Failure   Level
 Apportation              Tloc           0%         N/A       41%         1
 Ignite Poison            Fire/Tmut/Pois 0%         N/A       78%         3
 Mephitic Cloud           Conj/Pois/Air  0%         N/A       78%         3
 Hailstorm                Conj/Ice       0%         3d3       99%         4
 Ice Form                 Ice/Tmut       0%         N/A       99%         4
 Alistair's Intoxication  Tmut/Pois      0%         N/A       100%        5
 Freezing Cloud           Conj/Ice/Air   0%         6-21      100%        5
 Simulacrum               Ice/Necr       0%         N/A       100%        6


Dungeon Overview and Level Annotations

Branches:
Dungeon (12/15)            Temple (1/1) D:6             Orc (0/2) D:11
   Lair: D:8-11

Altars:
Ashenzari
Cheibriados
Dithmenos
Elyvilon
Fedhas
Gozag
Hepliaklqana
Kikubaaqudgha
Makhleb
Nemelex Xobeh
Okawaru
Qazlal
Ru
Sif Muna
Trog
Uskayaw
Vehumet
Wu Jian
Xom
Yredelemnul
Zin
The Shining One

Shops:
D:2 !   D:4 !   D:6 :

Annotations:
D:3 3 runed translucent doors, Turbonekonecno's ghost, weakling SpEn
D:12 Nessos


Innate Abilities, Weirdness & Mutations

Your dull iron-grey scales are very hard. (AC +12)
You are amphibious.
You cannot fit into any form of body armour.
You are cold-blooded and may be slowed by cold attacks.
You have a pair of small antennae on your head.
You are very frail. (-20% HP)
You are somewhat resistant to further mutation.
Your natural rate of healing is unusually fast.
You are weak. (Str -2)


Message History

The arrow hits you! The arrow burns you.
You are poisoned.
Nessos shoots an arrow.
The arrow hits you. The arrow burns you.
You are more poisoned.
You feel very sick.
Nessos shoots an arrow.
The arrow hits you. The arrow burns you.
You are more poisoned.
Nessos shoots an arrow.
You block the arrow.
You feel extremely sick.
Nessos gestures wildly while chanting.
Nessos blinks!
Nessos shoots an arrow.
The arrow hits you! The arrow burns you.
You are lethally poisoned!
You are too injured to fight recklessly!
You are too injured to fight recklessly!
You feel better.
Nessos shoots an arrow.
The arrow hits you!
* * * LOW HITPOINT WARNING * * *
The arrow burns you.
* * * LOW HITPOINT WARNING * * *
Nessos gestures wildly while chanting.
Nessos blinks!
You make a move on Xom's chessboard...
Nessos resists with some effort.
Nessos shoots an arrow.
The arrow hits you!
* * * LOW HITPOINT WARNING * * *
The arrow burns you.
You are poisoned.
* * * LOW HITPOINT WARNING * * *
Nessos shoots an arrow.
The arrow closely misses you.
You feel better.
Nessos shoots an arrow.
The arrow hits you.
* * * LOW HITPOINT WARNING * * *
The arrow burns you.
You are poisoned.
* * * LOW HITPOINT WARNING * * *
Nessos shoots an arrow.
The arrow hits you!
* * * LOW HITPOINT WARNING * * *
The arrow burns you.
You are lethally poisoned!
* * * LOW HITPOINT WARNING * * *
Nessos shoots an arrow.
The arrow hits you!
You die...
Xom titters!

#. ...... #..
......
#.##+#####......
#../............
#.........!.....
#............###
#...............
#.......@.......
#.c.............
#.##########....
##+#### #.# ...
......# #.#### .
......###....#
......#....#.#
......#.##.#.#
......#.##...#


You could see Nessos (fast).

Vanquished Creatures
  3 kobold demonologists (D:11)
  A komodo dragon (D:11)
  Grinder (D:5)
  10 yaks
  A wyvern (D:11)
  2 wargs (D:11)
  2 acid dragons
  An ice beast (D:8)
  2 orc warriors
  2 black bears
  A sky beast (D:8)
  4 centaurs
  A lemure (D:7)
  2 phantoms
  3 kobold brigands
  Blork the orc (D:6)
  A bullfrog (D:7)
  A necrophage (D:6)
  A gnoll sergeant (D:7)
  8 wights
  4 killer bees (D:9)
  3 howler monkeys
  An electric eel (D:6)
  6 orc priests
  A hound (D:7)
  4 jellies
  Crazy Yiuf (D:5)
  6 orc wizards
  3 iguanas
  13 adders
  5 gnolls
  3 shadow imps
  A white imp (D:6)
  2 worms (D:2)
  3 dart slugs
  34 orcs
  8 endoplasms
  8 goblins
  3 hobgoblins
  5 jackals
  5 quokkas
  9 ball pythons
  4 bats
  A frilled lizard (D:2)
  2 goblin zombies (D:5)
  29 kobolds
  3 rats (D:3)
215 creatures vanquished.

Vanquished Creatures (collateral kills)
  Pikel (D:7)
  An orc warrior (D:8)
  A lemure (D:7)
  A centaur (D:7)
  A kobold brigand (D:7)
  A wight (D:6)
  A howler monkey (D:7)
  An orc wizard (D:8)
  A gnoll (D:7)
  6 orcs
  An endoplasm (D:1)
16 creatures vanquished.

Vanquished Creatures (others)
  A dancing weapon (D:7)
  A howler monkey (D:7)
  4 plants (D:1)
6 creatures vanquished.

Grand Total: 237 creatures vanquished

Notes
Turn   | Place    | Note
-------+----------+-------------------------------------------
     0 | D:1      | Lekart the Draconian Chaos Knight began the quest for the
                  | Orb.
     0 | D:1      | Reached XP level 1. HP: 19/19 MP: 1/1
    81 | D:1      | Reached XP level 2. HP: 21/27 MP: 2/2
   373 | D:1      | XOM: divination: detect creatures
   450 | D:1      | XOM: silly message
   549 | D:1      | XOM: divination: magic mapping
   580 | D:1      | XOM: cleaving
   589 | D:1      | Reached skill level 4 in Fighting
   871 | D:1      | Reached XP level 3. HP: 33/33 MP: 3/3
   960 | D:1      | XOM: cast spell 'Call Canine Familiar'
  1008 | D:1      | XOM: give mutation
  1008 | D:1      | Gained mutation: You are partially covered in large bone
                  | plates. (SH +4) [Xom's grace]
  1126 | D:2      | Found Unoxyod's Distillery.
  1135 | D:2      | Bought a potion of curing for 33 gold pieces
  1208 | D:2      | XOM: cloud trail
  1304 | D:2      | XOM: stat loss: -1 Dex (11/12)
  1331 | D:2      | Reached XP level 4. HP: 35/41 MP: 4/4
  1505 | D:2      | XOM: draining
  1631 | D:3      | Found a runed translucent gate.
  1631 | D:3      | Found a runed translucent gate.
  1631 | D:3      | Found an opulent altar of Gozag.
  1633 | D:3      | Found a runed translucent gate.
  1635 | D:3      | Noticed Turbonekonecno's ghost (weakling SpEn)
  1635 | D:3      | Noticed an ice beast
  1637 | D:3      | Noticed a necrophage
  1650 | D:3      | Found a faded altar of an unknown god.
  1656 | D:3      | XOM: smoke on damage
  1925 | D:3      | XOM: 2-stop teleportation journey
  1927 | D:3      | XOM: give mutations
  1927 | D:3      | Gained mutation: You are frail. (-10% HP) [Xom's mischief]
  1927 | D:3      | Gained mutation: You are clumsy. (Dex -2) [Xom's mischief]
  2094 | D:3      | XOM: polymorph kobold -> gnoll
  2488 | D:3      | Reached XP level 5. HP: 41/41 MP: 5/5
  2511 | D:3      | XOM: torment (22/41 hp)
  2817 | D:3      | XOM: silly message
  3502 | D:4      | Reached skill level 5 in Fighting
  3713 | D:3      | XOM: torment (19/43 hp)
  4031 | D:4      | Found Ossomofra's Distillery.
  4039 | D:4      | Bought a potion of heal wounds for 65 gold pieces
  4039 | D:4      | Bought a potion of heal wounds for 65 gold pieces
  4219 | D:4      | XOM: give mutations
  4219 | D:4      | Lost mutation: You are partially covered in large bone
                  | plates. (SH +4) [Xom's mischief]
  4219 | D:4      | Gained mutation: You are very frail. (-20% HP) [Xom's
                  | mischief]
  4277 | D:4      | XOM: stat loss: -1 Dex (10/11)
  4578 | D:5      | Entered Level 5 of the Dungeon
  4582 | D:5      | Noticed a phantom
  4587 | D:5      | XOM: smoke on damage
  4588 | D:5      | XOM: polymorph hound -> jelly
  4601 | D:5      | Killed a phantom
  4602 | D:5      | Reached skill level 5 in Long Blades
  4602 | D:5      | Reached XP level 6. HP: 32/44 MP: 6/6
  4878 | D:5      | Your scales start taking on a dull iron-grey colour.
  4878 | D:5      | Reached XP level 7. HP: 18/49 MP: 7/7
  5036 | D:5      | XOM: 1-stop teleportation journey
  5040 | D:5      | Reached skill level 6 in Fighting
  5064 | D:5      | XOM: summons 4 hostile demons
  5082 | D:5      | XOM: noise
  5383 | D:5      | XOM: silly message
  5402 | D:5      | XOM: scenery: 1 doors close
  5744 | D:5      | Found a runed translucent door.
  5745 | D:5      | Noticed Crazy Yiuf
  5826 | D:5      | XOM: divination: magic mapping
  5982 | D:5      | Found a sacrificial altar of Ru.
  6013 | D:5      | Noticed Grinder
  6034 | D:5      | Killed Grinder
  6035 | D:5      | Reached XP level 8. HP: 41/56 MP: 8/8
  6280 | D:5      | Killed Crazy Yiuf
  6284 | D:5      | Identified the +8 mace "Wuasaves" {spect, rN+}
  6424 | D:6      | Reached skill level 7 in Fighting
  6649 | D:6      | Found Juxit's Book Emporium.
  6752 | D:6      | Noticed Blork the orc
  6758 | D:6      | Killed Blork the orc
  6760 | D:6      | Found a staircase to the Ecumenical Temple.
  6790 | Temple   | XOM: noise
  6790 | Temple   | Entered the Ecumenical Temple
  6832 | D:6      | XOM: cast spell 'Summon Ice Beast'
  6834 | D:6      | Reached skill level 1 in Maces & Flails
  6847 | D:6      | Reached skill level 5 in Dodging
  6903 | D:6      | XOM: enchant monster (bad)
  7209 | D:6      | XOM: give mutations
  7209 | D:6      | Gained mutation: You are weak. (Str -2) [Xom's mischief]
  7209 | D:6      | Gained mutation: Your body sometimes deteriorates upon
                  | taking damage. [Xom's mischief]
  7452 | D:7      | XOM: 1-stop teleportation journey
  7808 | D:7      | XOM: 3-stop teleportation journey
  7818 | D:7      | Noticed Pikel
  7822 | D:7      | Reached XP level 9. HP: 56/64 MP: 9/9
  7826 | D:7      | Killed Pikel
  7827 | D:7      | Reached skill level 8 in Fighting
  7913 | D:7      | Reached skill level 5 in Maces & Flails
  8331 | D:7      | XOM: silly message
  8402 | D:8      | XOM: silly message
  8451 | D:8      | XOM: cast spell 'Summon Small Mammal'
  8556 | D:8      | XOM: confuse monster(s)
  8561 | D:8      | Reached skill level 1 in Shields
  8786 | D:8      | XOM: silly message
  9120 | D:8      | XOM: noise
  9126 | D:8      | Reached skill level 9 in Fighting
  9242 | D:9      | XOM: potion effect (might)
  9389 | D:9      | Reached XP level 10. HP: 51/72 MP: 10/10
  9395 | D:9      | XOM: noise
  9396 | D:9      | XOM: potion effect (brilliance)
  9403 | D:9      | XOM: cast spell 'Olgreb's Toxic Radiance'
  9692 | D:9      | Found a blossoming altar of Fedhas.
  9727 | D:9      | Found a snail-covered altar of Cheibriados.
  9727 | D:9      | XOM: divination: magic mapping
  9730 | D:9      | Found a shimmering blue altar of Sif Muna.
  9753 | D:9      | You fall into a shaft and drop 2 floors!
  9815 | D:11     | Noticed a sun demon
  9841 | D:11     | Noticed a sixfirhy
  9843 | D:11     | Noticed an orange demon
  9845 | D:11     | XOM: confuse monster(s)
  9877 | D:11     | XOM: butterfly on damage
  9965 | D:11     | XOM: silly message
 10199 | D:11     | XOM: 2-stop teleportation journey
 10330 | D:11     | Found the +0 pair of fencer's gloves {Riposte Dex+3}
 10384 | D:11     | Reached skill level 10 in Fighting
 10487 | D:11     | XOM: cast spell 'Statue Form'
 10622 | D:11     | Found a staircase to the Orcish Mines.
 10646 | D:11     | XOM: noise
 10662 | D:11     | XOM: confuse monster(s)
 10841 | D:11     | Lost mutation: You are clumsy. (Dex -2) [potion of
                  | mutation]
 10841 | D:11     | Lost mutation: Your body sometimes deteriorates upon taking
                  | damage. [potion of mutation]
 10841 | D:11     | Gained mutation: You have a pair of small antennae on your
                  | head. [potion of mutation]
 10841 | D:11     | Gained mutation: Your natural rate of healing is unusually
                  | fast. [potion of mutation]
 10841 | D:11     | Gained mutation: You are somewhat resistant to further
                  | mutation. [potion of mutation]
 11107 | D:12     | Noticed Nessos
 11115 | D:12     | Shot with an arrow by Nessos

Illustrated notes

Levels and vault maps discovered:
D:1:      amcnicky_arrival_choice, layout_basic, grunt_decor_one_mirror,
          serial_bayou_pond_a
D:2:      layout_rooms, serial_shops, nicolae_square_shop
D:3:      minmay_recursive_quarters, layout_basic, ebering_ghost_gozag,
          chequers_ecumenical_altar_island
D:4:      layout_loops_cross, serial_shops, shop
D:5:      layout_basic, lemuel_coloured_pillars_altar, enter_ossuary_4,
          uniq_grinder, uniq_crazy_yiuf_cottage
D:6:      layout_basic, minmay_temple_entry_offerings, serial_shops,
          nicolae_take_the_stairs, water_maze_lemuel, uniq_blork_the_orc
D:7:      layout_loops_ring, uniq_pikel
D:8:      layout_rooms
D:9:      layout_cave_pools, nicolae_overflow_squiral, fedhas_altar_4
D:11:     layout_irregular_city, david_orc_1_choice
D:12:     layout_basic, uniq_kirke, uniq_nessos
Temple:   nicolae_temple_no_exploring_needed

Skill      XL: |  1  2  3  4  5  6  7  8  9 10 |
---------------+-------------------------------+-----
Fighting       | 4 5 6 7 9 10 | 10.5
Long Blades    | 4 5 6 7 |  7.9
Dodging        | 3 4 5 6 7 |  7.4
Maces & Flails | 3 6 9 |  9.0
Shields        | 1 2 |  2.1
Evocations     | |  0.3

Action                   |  1- 3 |  4- 6 |  7- 9 | 10-12 || total
-------------------------+-------+-------+-------+-------++-------
Melee: Falchion          |   102 |   175 |   103 |       ||   380
       Tailslap          |    10 |    15 |    37 |    21 ||    83
       Punch             |       |     1 |     2 |       ||     3
       Mace              |       |       |   164 |   112 ||   276
Evoke: Piece from Xom's  |       |     4 |       |     1 ||     5
       Wand              |       |     2 |       |     3 ||     5
  Use: Scroll            |     1 |    10 |       |     8 ||    19
       Potion            |       |     5 |     4 |     4 ||    13
 Stab: Sleeping          |     1 |     1 |       |     1 ||     3
       Paralysed         |       |     1 |       |       ||     1
       Distracted        |       |       |     2 |       ||     2
       Confused          |       |       |       |     2 ||     2
Armor: Skin              |    45 |    60 |   153 |    35 ||   293
Dodge: Dodged            |    94 |   130 |   190 |    60 ||   474
Block: Other             |     3 |    30 |       |       ||    33
       Buckler           |       |       |     9 |    25 ||    34

Table legend: (Time is in decaauts)
 A = Elapsed time spent in this place.
 B = Non-inter-level travel time spent in this place.
 C = Inter-level travel time spent in this place.
 D = Time resting spent in this place.
 E = Time spent auto-exploring this place.
 F = Levels seen in this place.
 G = Mean time per level.
                   A        B        C        D        E       F      G
               +--------+--------+--------+--------+--------+-----+--------+
         Total |  11213 |  10875 |    338 |    953 |   8193 |  12 |  934.4 |
       Dungeon |  11211 |  10873 |    338 |    953 |   8193 |  11 | 1019.2 |
        Temple |      1 |      1 |      0 |      0 |      0 |   1 |    1.0 |
               +--------+--------+--------+--------+--------+-----+--------+

Top non-repeatable levels by time:
     D:3: 1891 daAuts
     D:5: 1761 daAuts
    D:11: 1345 daAuts
     D:6: 1124 daAuts
     D:4: 1091 daAuts
     D:1: 1090 daAuts
     D:7: 957 daAuts
     D:8: 828 daAuts
     D:9: 546 daAuts
     D:2: 542 daAuts
    D:12: 29 daAuts
  Temple: 1 daAuts
